Map: Echo LE

Players

ILoveHerO

  • Race: Protoss Protoss
  • Spawn Location: 11:00

HTOMario - Winner!

  • Race: Terran Terran
  • Spawn Location: 5:00

Event: LycanGTV LotV Beta Tournament 1

VOD

Have the link to the VOD?

Description

Time

  • Played on: April 2, 2015, 12:25 p.m.
  • Length: 7:29

All games in this series

Show
View Real Time Build Order
Export as new Build Order

ILoveHerO Protoss 

Build Orders: Adept Opening, Phoenix Opening 

Get SALT Encoding   

  12  0:00  Probe  
  13  0:14  Pylon  
  13  0:17  Probe  
  14  0:32  Probe (Chrono Boost)  
  14  0:34  Gateway  
  15  0:41  Probe (Chrono Boost)  
  16  0:49  Probe  
  17  0:52  Assimilator  
  17  0:54  Assimilator  
  17  1:01  Probe (Chrono Boost)  
  18  1:04  Pylon  
  19  1:12  Probe (Chrono Boost)  
  19  1:19  Probe (Chrono Boost)  
  19  1:24  Cybernetics Core  
  20  1:30  Probe (Chrono Boost)  
  21  1:42  Probe (Chrono Boost)  
  22  1:49  Probe (Chrono Boost)  
  23  2:04  Adept (Chrono Boost)  
  23  2:08  Nexus  
  25  2:10  Mothership Core  
  25  2:15  Warp Gate  
  27  2:25  Pylon  
  27  2:32  Probe  
  28  2:44  Probe (Chrono Boost)  
  29  2:46  Stargate  
  29  2:48  Stalker  
  31  2:54  Probe (Chrono Boost)  
  32  3:01  Probe  
  33  3:13  Probe  
  34  3:25  Stalker, Probe  
  37  3:32  Phoenix (Chrono Boost)  
  39  3:37  Probe (Chrono Boost)  
  39  3:39  Gateway  
  38  3:43  Gateway  
  39  3:49  Probe (Chrono Boost)  
  39  3:51  Phoenix (Chrono Boost)  
  39  3:54  Probe (Chrono Boost)  
  42  4:00  Probe (Chrono Boost)  
  42  4:02  Probe (Chrono Boost)  
  44  4:03  Pylon  
  44  4:08  Probe  
  44  4:09  Phoenix (Chrono Boost)  
  47  4:12  Probe  
  48  4:20  Probe (Chrono Boost)  
  48  4:22  Stalker  
  51  4:26  Assimilator  
  51  4:29  Probe (Chrono Boost)  
  53  4:32  Probe (Chrono Boost)  
  53  4:33  Phoenix (Chrono Boost)  
  56  4:39  Probe (Chrono Boost)  
  56  4:40  Probe (Chrono Boost), Assimilator  
  56  4:42  Pylon  
  57  4:50  Probe (Chrono Boost)  
  57  4:52  Probe (Chrono Boost)  
  59  4:59  Phoenix  
  62  5:01  Probe (Chrono Boost), Pylon  
  62  5:04  Probe (Chrono Boost)  
  63  5:12  Probe (Chrono Boost)  
  63  5:13  Probe (Chrono Boost)  
  65  5:17  Fleet Beacon  
  65  5:18  Pylon  
  65  5:19  Probe  
  65  5:20  Probe  
  67  5:22  Sentry, Pylon  
  67  5:31  Probe  
  67  5:32  Probe  
  67  5:33  Phoenix (Chrono Boost)  
  69  5:41  Zealot x2  
  72  5:51  Phoenix (Chrono Boost)  
  72  5:56  Probe  
  71  6:10  Phoenix (Chrono Boost)  
  65  6:13  Zealot x2  
  65  6:14  Stalker  
  63  6:34  Phoenix (Chrono Boost)  
  65  6:40  Probe  
  65  6:46  Sentry  
  68  6:47  Zealot x2  
  68  6:48  Stargate  
  68  6:51  Pylon  
  68  6:53  Pylon, Phoenix (Chrono Boost)  
  74  7:03  Pylon  
  66  7:20  Stalker x3  
Show
View Real Time Build Order
Export as new Build Order

HTOMario Terran - Winner!

Build Orders: Command Center First (CC) 

Get SALT Encoding   

  12  0:01  SCV  
  13  0:13  SCV  
  14  0:20  Supply Depot  
  14  0:25  SCV  
  15  0:42  SCV  
  16  0:55  Command Center  
  16  0:59  SCV  
  17  1:07  Refinery  
  17  1:09  Refinery  
  17  1:13  SCV  
  18  1:28  Barracks  
  18  1:32  SCV  
  19  1:44  SCV  
  20  1:56  SCV  
  21  2:16  Factory  
  21  2:18  Orbital Command  
  21  2:20  Orbital Command  
  21  2:33  Factory  
  20  2:37  Barracks Tech Lab  
  20  2:44  SCV  
  21  2:46  SCV  
  22  2:58  SCV x2  
  24  3:04  Barracks Tech Lab  
  27  3:05  Cyclone  
  27  3:10  SCV x2  
  26  3:25  SCV  
  26  3:26  SCV  
  26  3:34  Cyclone  
  28  3:35  Marine  
  28  3:37  SCV  
  29  3:42  SCV  
  30  3:49  SCV, Refinery  
  30  3:50  Cyclone  
  30  3:53  Marine  
  30  3:54  SCV  
  36  4:01  SCV  
  37  4:05  Missile Turret  
  37  4:06  SCV  
  37  4:08  Supply Depot  
  38  4:15  Missile Turret  
  38  4:29  Cyclone  
  43  4:35  Supply Depot  
  43  4:36  Cyclone  
  43  4:38  Marine  
  44  4:42  SCV  
  46  4:47  Refinery  
  46  4:50  Supply Depot  
  46  4:57  SCV x2  
  48  5:05  Cyclone  
  51  5:09  SCV  
  51  5:12  Cyclone  
  51  5:13  SCV  
  56  5:16  Supply Depot  
  56  5:21  SCV  
  57  5:25  SCV  
  58  5:33  SCV  
  59  5:37  SCV  
  59  5:42  Cyclone  
  63  5:44  Cyclone  
  63  5:45  SCV  
  63  5:49  SCV  
  67  5:52  Supply Depot  
  67  5:57  SCV  
  67  6:01  SCV  
  69  6:09  SCV  
  67  6:13  SCV  
  67  6:14  Cyclone  
  67  6:16  Cyclone  
  74  6:21  SCV  
  76  6:25  SCV  
  75  6:33  SCV  
  75  6:37  Command Center  
  76  6:40  Armory  
  76  6:43  SCV  
  76  6:45  SCV  
  78  6:55  Supply Depot  
  78  6:56  Supply Depot x2  
  78  7:08  SCV x2  

Tags
 
Add a new tag
Caveats
  • Supply blocks, unpowered buildings, or Contaminate may cause inaccurate times.
  • Supply counts are checked every 10 seconds.